 Dungeon Crawl Stone Soup version 0.25.1-2-g60ff931df9 (webtiles) character file.

Game seed: 14682037852181399719

121 Almogavar the Slasher (level 4, -5/41 HPs)
             Began as a Minotaur Berserker on Sept 7, 2020.
             Was a Priest of Trog.
             Killed by divine providence
             ... invoked by an orc priest
              (13 damage)
             ... on level 3 of the Dungeon.
             The game lasted 00:05:34 (2194 turns).

Almogavar the Slasher (Minotaur Berserker)          Turns: 2194, Time: 00:05:34

Health: -5/41      AC:  5    Str: 22    XL:     4   Next: 77%
Magic:  3/3        EV: 12    Int:  4    God:    Trog [***...]
Gold:   69         SH:  0    Dex: 10    Spells: 3/3 levels left

rFire    . . .     SeeInvis .   a - +0 falchion
rCold    . . .     Gourm    .   (no shield)
rNeg     . . .     Faith    .   k - +0 ring mail
rPois    .         Spirit   .   (helmet restricted)
rElec    .         Reflect  .   (no cloak)
rCorr    .         Harm     .   (no gloves)
MR       .....                  (no boots)
Stlth    ..........             l - amulet of the acrobat
HPRegen  0.13/turn              (no ring)
MPRegen  0.08/turn              (no ring)

@: no status effects
A: retaliatory headbutt, horns 2
a: Berserk, Trog's Hand, Renounce Religion


You were on level 3 of the Dungeon.
You worshipped Trog.
Trog was most pleased with you.
You were not hungry.

You visited 1 branch of the dungeon, and saw 3 of its levels.

You collected 69 gold pieces.

Inventory:

Hand Weapons
 a - a +0 falchion (weapon)
 h - a +0 hunting sling
Missiles
 g - 64 stones (quivered)
 o - 7 sling bullets
Armour
 k - a +0 ring mail (worn)
Jewellery
 e - an uncursed amulet of magic regeneration
 l - an amulet of the acrobat (around neck)
Scrolls
 f - 2 scrolls of blinking
 i - a scroll of fog
 j - 2 scrolls of teleportation
 m - a scroll of fear {unknown}
 n - a scroll of magic mapping
Comestibles
 b - 7 chunks of flesh
 c - 4 rations


   Skills:
 + Level 4.9 Fighting
 + Level 4.9 Long Blades
 + Level 2.8 Armour
 + Level 3.2 Dodging
 - Level 0.1 Stealth


You had 3 spell levels left.
You didn't know any spells.
Your spell library was empty.

Dungeon Overview and Level Annotations

Branches:
Dungeon (3/15)

Altars:
Sif Muna


Innate Abilities, Weirdness & Mutations

You reflexively headbutt those who attack you in melee.
You have a pair of horns on your head.


Message History

You are too injured to fight recklessly!
You are too injured to fight recklessly!
Unknown command.
You barely miss the orc priest. The orc priest hits you.
* * * LOW HITPOINT WARNING * * *
You hit the orc priest.
The orc priest is moderately wounded.
The orc priest mumbles some strange prayers to Beogh against you.
Pain shoots through your body!
* * * LOW HITPOINT WARNING * * *
The orc priest closely misses you. You furiously retaliate!
You headbutt the orc priest!
You riposte.
You hit the orc priest.
The orc priest is severely wounded.
You feel better. The orc priest hits you.
* * * LOW HITPOINT WARNING * * *
You hit the orc priest but do no damage.
The orc priest is severely wounded.
The orc priest calls down the wrath of Beogh upon you.
Beogh smites you!
You die...

.... ## ....##.
....... #.# .......
#.. ....... ..#
#..... #.#
#....o####### #.#
#)@)†...###.######
#######..##......##
##..........#
###....[....
#.......<.
#.....)...
#.....÷...
#.........
#.........


You could see an orc priest.

Vanquished Creatures
  Natasha (D:2)
  An adder (D:2)
  A dart slug (D:2)
  6 leopard geckos
  5 orcs (D:3)
  10 bats
  3 giant cockroaches
  12 goblins
  7 hobgoblins
  4 jackals (D:3)
  3 ball pythons
  7 frilled lizards
  4 kobolds
  7 rats
71 creatures vanquished.

Notes
Turn   | Place    | Note
-------+----------+-------------------------------------------
     0 | D:1      | Almogavar the Minotaur Berserker began the quest for the
                  | Orb.
     0 | D:1      | Reached XP level 1. HP: 19/19 MP: 0/0
    95 | D:1      | Reached XP level 2. HP: 17/27 MP: 1/1
   854 | D:1      | Reached ** piety under Trog
   958 | D:1      | Reached XP level 3. HP: 33/33 MP: 2/2
  1256 | D:2      | Noticed Natasha
  1265 | D:2      | Killed Natasha
  1583 | D:2      | Reached XP level 4. HP: 41/41 MP: 3/3
  1821 | D:2      | Found a shimmering blue altar of Sif Muna.
  2152 | D:3      | Reached *** piety under Trog
  2194 | D:3      | Killed from afar by an orc priest

Illustrated notes

Levels and vault maps discovered:
D:1:      dpeg_arrival_more_subterranean_lakeside_camping, layout_basic,
          minmay_pentomino_v4
D:2:      layout_loops_cross, led_sif_pool, uniq_natasha
D:3:      layout_rooms, grunt_temple_overflow_gold_and_silver,
          kennysheep_slug_shrine

Skill      XL: |  1  2  3  4 |
---------------+-------------+-----
Fighting       | 4 |  4.9
Long Blades    | 4 |  4.9
Dodging        | 3 |  3.2
Armour         | |  2.8
Stealth        | |  0.1

Action                   |  1- 3 |  4- 6 || total
-------------------------+-------+-------++-------
Melee: Falchion          |    62 |    64 ||   126
       Headbutt          |     7 |     5 ||    12
  Use: Scroll            |     2 |     3 ||     5
       Potion            |       |     1 ||     1
  Eat: Chunk             |     2 |     2 ||     4
Armor: Animal skin       |    18 |       ||    18
       Ring mail         |     4 |    22 ||    26
Dodge: Dodged            |    61 |    65 ||   126
       Rpst.: Falchion   |    17 |    10 ||    27
